 Dungeon Crawl Stone Soup version 0.24.1-4-ge52af88ad5 (webtiles) character file.

Game seed: 12958903237204391948, levelgen mode: deterministic

16006 gruber the Cruncher (level 12, 39/80 HPs)
             Began as a Gargoyle Gladiator on Apr 13, 2020.
             Was a Priest of Fedhas.
             Quit the game on level 2 of the Lair of Beasts.
             The game lasted 00:22:46 (15134 turns).

gruber the Cruncher (Gargoyle Gladiator)           Turns: 15134, Time: 00:22:47

Health: 39/80      AC: 14    Str: 18    XL:     12   Next: 33%
Magic:  17/17      EV: 16    Int: 12    God:    Fedhas [***...]
Gold:   734        SH:  0    Dex: 15    Spells: 11/11 levels left

rFire    . . .     SeeInvis .   H - +2 demon trident (flame)
rCold    . . .     Gourm    .   (no shield)
rNeg     + . .     Faith    .   y - +0 leather armour (curse)
rPois    ∞         Spirit   .   b - +0 helmet (curse)
rElec    +         Reflect  .   (no cloak)
rCorr    +         Harm     .   (no gloves)
MR       .....                  (no boots)
Stlth    +.........             (no amulet)
HPRegen  0.23/turn              N - +2 ring of intelligence
MPRegen  0.15/turn              s - ring of resist corrosion

@: no status effects
A: negative energy resistance 1, electricity resistance, unbreathing,
petrification resistance, rot immunity, AC +8
a: Wall of Briars, Grow Ballistomycete, Renounce Religion


You were on level 2 of the Lair of Beasts.
You worshipped Fedhas.
Fedhas was most pleased with you.
You were not hungry.

You visited 3 branches of the dungeon, and saw 13 of its levels.
You also visited: Ice Cave.

You collected 734 gold pieces.

Inventory:

Hand Weapons
 a - a +0 quarterstaff
 u - a +1 trident of venom
 H - a +2 demon trident of flaming (weapon)
Missiles
 m - 4 javelins
 J - a throwing net (quivered)
Armour
 b - a cursed +0 helmet (worn)
 y - a cursed +0 leather armour (worn)
Jewellery
 p - an uncursed ring of stealth
 s - a ring of resist corrosion (right hand)
 w - an uncursed ring of fire
 N - a +2 ring of intelligence (left hand)
Wands
 A - a wand of flame (13)
 F - a wand of enslavement (8)
Scrolls
 e - 5 scrolls of blinking {unknown}
 j - 6 scrolls of remove curse {unknown}
 l - 15 scrolls of identify {unknown}
 n - 11 scrolls of teleportation {unknown}
 o - a scroll of amnesia {unknown}
 r - 5 scrolls of fog {unknown}
 v - a scroll of noise {unknown}
 z - 3 scrolls of enchant weapon {unknown}
 D - a scroll of vulnerability {unknown}
 E - a scroll of fear {unknown}
 G - a scroll of random uselessness {unknown}
 M - a scroll of enchant armour {unknown}
Potions
 c - a potion of cancellation {unknown}
 d - 2 potions of magic {unknown}
 g - 4 potions of heal wounds {unknown}
 h - 2 potions of might {unknown}
 i - 9 potions of curing
 k - 2 potions of degeneration {unknown}
 q - 4 potions of agility {unknown}
 t - a potion of resistance {unknown}
 x - a potion of brilliance {unknown}
 B - a potion of ambrosia {unknown}
 C - a potion of flight {unknown}
 I - 3 potions of lignification {unknown}
 L - 2 potions of mutation {unknown}
Comestibles
 f - 17 rations


   Skills:
 - Level 11.4 Fighting
 - Level 12.1 Staves
 - Level 1.7 Throwing
 - Level 7.0 Armour
 - Level 7.0 Dodging
 * Level 7.0 Invocations


You had 11 spell levels left.
You didn't know any spells.
Your spell library contained the following spells:

 Spells                   Type           Power        Failure   Level  Hunger
 Animate Skeleton         Necr           N/A          36%         1    ##.....
 Flame Tongue             Conj/Fire      #....        36%         1    ##.....
 Pain                     Necr           #...         36%         1    ##.....
 Sandblast                Erth           #.....       36%         1    ##.....
 Passwall                 Tmut/Erth      #.......     50%         2    ###....
 Throw Flame              Conj/Fire      #.....       50%         2    ###....
 Conjure Flame            Conj/Fire      #.......     75%         3    ####...
 Inner Flame              Hex/Fire       #.......     75%         3    ####...
 Regeneration             Chrm/Necr      #.........   75%         3    ####...
 Stone Arrow              Conj/Erth      #.....       75%         3    ####...
 Vampiric Draining        Necr           #.........   75%         3    ####...
 Animate Dead             Necr           N/A          98%         4    #####..
 Petrify                  Tmut/Erth      #.......     98%         4    #####..
 Sticky Flame             Conj/Fire      #.......     98%         4    #####..
 Fireball                 Conj/Fire      #.........   100%        5    ######.
 Lee's Rapid Deconstruct  Erth           #.........   100%        5    ######.


Dungeon Overview and Level Annotations

Branches:
Dungeon (9/15)             Temple (1/1) D:7            Lair (3/6) D:8
  Snake (0/4) Lair:2        IceCv (visited)
  Swamp: Lair:2-4    Shoals: Lair:2-4       Orc: D:9-12

Altars:
Ashenzari
Cheibriados
Dithmenos
Elyvilon
Fedhas
Gozag
Hepliaklqana
Kikubaaqudgha
Makhleb
Nemelex Xobeh
Okawaru
Qazlal
Ru
Sif Muna
Trog
Uskayaw
Vehumet
Wu Jian
Xom
Yredelemnul
Zin
The Shining One

Annotations:
D:9 Maurice


Innate Abilities, Weirdness & Mutations

You are resistant to torment.
Your stone body is resilient. (AC +8)
You are immune to poison.
You resist negative energy. (rN+)
You are resistant to electric shocks. (rElec)
You can survive without breathing.
You are immune to petrification.
You are immune to rotting.


Message History

The blink frog is moderately wounded.
The blink frog hits you but does no damage.
The blink frog hits you!
You miss the blink frog.
The blink frog is moderately wounded.
The blink frog completely misses you.
You barely miss the blink frog.
The blink frog is moderately wounded.
The blink frog hits you!
The blink frog blinks!
The blink frog misses you.
You puncture the blink frog! You burn the blink frog.
The blink frog is heavily wounded.
The blink frog hits you!
The blink frog blinks!
You are too injured to fight recklessly!
You are too injured to fight recklessly!
You are too injured to fight recklessly!
You climb upwards.
There is a stone staircase leading down here.
Are you sure you want to abandon this character and quit the game? (Confirm with "yes".)
Okay, then.
Are you sure you want to abandon this character and quit the game? (Confirm with "yes".)

#(##.###..P#
##...........
##[#### #####
#....#......
##.(##
#.....#....#
#....# ♣♣♣♣♣
##..........
###.##
♣♣♣...♣♣♣
###.P..##.. #.♣
♣.......♣
#.........
#.♣♣♣♣.......♣♣
##........
#...♣.........♣
#.........
#........@....♣
##........
##♣♣..........♣
#........
♣♣♣.......♣♣
##.#.#.#..
♣.......♣
#.........
♣♣♣...♣♣♣
##.........
♣♣♣♣♣
#.......)..
##......... ###
##......... #.#
#..........


There were no monsters in sight!

Vanquished Creatures
  Gastronok (Lair:1)
  An ugly thing (IceCv)
  6 elephants
  A black mamba (Lair:1)
  4 rime drakes
  3 spiny frogs
  3 komodo dragons
  A polar bear (Lair:2)
  Prince Ribbit (D:8)
  2 slime creatures (D:9)
  2 hippogriffs
  Sigmund (D:3)
  A spriggan (Lair:2)
  2 wyverns
  7 yaks
  3 nagas (Lair:2)
  2 water moccasins
  4 porcupines
  An orc warrior (D:7)
  2 sky beasts
  2 black bears
  6 ogres
  9 ice beasts
  3 phantoms
  12 wolves
  7 crocodiles
  3 centaurs
  Blork the orc (D:5)
  6 bullfrogs
  4 scorpions
  3 wights (D:9)
  2 crimson imps
  A bullfrog zombie (D:8)
  2 orc priests (D:9)
  4 hounds
  3 jellies (D:8)
  A bullfrog skeleton (D:9)
  4 orc wizards
  2 iguanas
  Terence (D:3)
  6 worker ants
  2 hound zombies (D:7)
  A hound skeleton (D:6)
  2 worker ant zombies (D:7)
  3 gnolls (D:2)
  10 adders
  2 shadow imps
  A white imp (D:4)
  8 oozes
  2 adder skeletons
  2 worms
  2 dart slugs
  4 leopard geckos
  16 orcs
  3 giant cockroaches
  10 goblins
  5 hobgoblins
  5 jackals
  2 quokkas
  A ball python (D:1)
  5 bats
  5 frilled lizards
  7 kobolds
  A quokka zombie (D:9)
  6 rats
235 creatures vanquished.

Vanquished Creatures (others)
  A hound (D:7)
  2 orcs (D:7)
  12 fungi
  4 plants
19 creatures vanquished.

Grand Total: 254 creatures vanquished

Notes
Turn   | Place    | Note
-------+----------+-------------------------------------------
     0 | D:1      | gruber the Gargoyle Gladiator began the quest for the Orb.
     0 | D:1      | Reached XP level 1. HP: 12/12 MP: 1/1
    92 | D:1      | Reached XP level 2. HP: 11/17 MP: 2/2
   251 | D:1      | Reached skill level 4 in Staves
   361 | D:1      | Reached XP level 3. HP: 20/21 MP: 3/3
   801 | D:2      | Reached XP level 4. HP: 16/26 MP: 4/4
   813 | D:2      | Reached skill level 5 in Staves
  1780 | D:3      | Reached XP level 5. HP: 30/30 MP: 5/5
  1803 | D:3      | Noticed Terence
  1820 | D:3      | Killed Terence
  1983 | D:3      | Reached skill level 6 in Staves
  2044 | D:3      | Noticed Sigmund
  2377 | D:3      | Killed Sigmund
  2377 | D:3      | Reached skill level 7 in Staves
  2377 | D:3      | Reached XP level 6. HP: 7/35 MP: 6/6
  3232 | D:5      | Entered Level 5 of the Dungeon
  3242 | D:5      | Noticed an ice beast
  3293 | D:5      | Reached XP level 7. HP: 36/41 MP: 7/7
  3589 | D:5      | Reached skill level 5 in Fighting
  3659 | D:5      | Noticed Blork the orc
  3674 | D:5      | Killed Blork the orc
  4032 | D:6      | Reached XP level 8. HP: 52/52 MP: 8/8
  4771 | D:7      | Found a shimmering altar of Xom.
  5381 | D:7      | Reached XP level 9. HP: 61/62 MP: 9/9
  5442 | D:7      | Reached skill level 10 in Fighting
  5518 | D:7      | Found a staircase to the Ecumenical Temple.
  5535 | Temple   | Entered the Ecumenical Temple
  5627 | Temple   | Became a worshipper of Fedhas Madash
  6233 | D:8      | Found a staircase to the Lair.
  6476 | D:8      | Reached * piety under Fedhas
  6482 | D:8      | Reached skill level 5 in Armour
  6891 | D:8      | Reached XP level 10. HP: 46/70 MP: 10/10
  7223 | D:8      | Noticed Prince Ribbit
  7233 | D:8      | Killed Prince Ribbit
  7717 | D:9      | Reached ** piety under Fedhas
  7828 | D:9      | Reached skill level 8 in Staves
  8376 | D:9      | Noticed Maurice
  8378 | D:9      | Reached skill level 9 in Staves
  8466 | Lair:1   | Entered Level 1 of the Lair of Beasts
  8473 | Lair:1   | Noticed a spiny frog
  8499 | Lair:1   | Killed a spiny frog
  8652 | Lair:1   | Found a snail-covered altar of Cheibriados.
  8722 | Lair:1   | Noticed Gastronok
  8738 | Lair:1   | Killed Gastronok
  8738 | Lair:1   | Reached skill level 11 in Staves
  8738 | Lair:1   | Reached XP level 11. HP: 74/74 MP: 11/11
 10444 | Lair:2   | Reached skill level 12 in Staves
 11126 | Lair:1   | Reached skill level 5 in Dodging
 11682 | Lair:2   | Reached *** piety under Fedhas
 12324 | Lair:2   | Reached skill level 1 in Invocations
 12638 | Lair:2   | Reached XP level 12. HP: 28/80 MP: 13/13
 13167 | Lair:2   | Found a staircase to the Snake Pit.
 13338 | Lair:2   | Reached skill level 5 in Invocations
 13623 | Lair:3   | Found a frozen archway.
 13725 | IceCv    | Entered an ice cave
 15134 | Lair:2   | Quit the game

Levels and vault maps discovered:
D:1:      shiori_arrival_elements, layout_loops_ring
D:2:      layout_loops_cross
D:3:      layout_basic, first_ration, uniq_terence, uniq_sigmund
D:4:      layout_loops_cross, st_stairs_14, minmay_fire_ice_demons
D:5:      layout_cave_pools, uniq_blork_the_orc
D:6:      layout_basic, kennysheep_small_square
D:7:      layout_rooms, xom_confusion_cloud, minmay_temple_entry_slanted,
          grunt_ministairs_15, minmay_misc_feat_chi
D:8:      layout_loops_cross, minmay_lair_entry_grove,
          hangedman_little_slice_of_home, kennysheep_generic_room_7,
          uniq_prince_ribbit1
D:9:      layout_basic, serial_rivers, chequers_serial_rivers_room_a,
          chequers_serial_rivers_room_a, chequers_serial_rivers_micro_b,
          chequers_serial_rivers_small_3, chequers_serial_rivers_large_a,
          uniq_maurice
Temple:   compressed_dpeg_circular_temple
Lair:1:   layout_loops_ring, basic_altar, uniq_gastronok
Lair:2:   layout_chaotic_city, minmay_snake_entry_guardpost_small,
          gauntlet_entry_generic, forest_entry_grove
Lair:3:   layout_chaotic_city, elwin_shoals_entry_rooms, portal_ice_cave_rime,
          lemuel_fruit_fields, serial_bayou_shore_a

Skill      XL: |  1  2  3  4  5  6  7  8  9 10 11 12 |
---------------+-------------------------------------+-----
Staves         | 4 5 7 11 12 | 12.1
Fighting       | 3 6 9 11 | 11.4
Armour         | 6 7 |  7.0
Dodging        | 4 7 |  7.0
Invocations    | 2 7 |  7.0
Throwing       | |  1.7

Action                   |  1- 3 |  4- 6 |  7- 9 | 10-12 || total
-------------------------+-------+-------+-------+-------++-------
Melee: Quarterstaff      |    78 |   111 |    11 |     6 ||   206
       Trident           |       |    37 |   307 |   104 ||   448
       Demon trident     |       |       |       |   521 ||   521
Throw: Javelin           |       |     6 |     3 |     4 ||    13
       Throwing net      |       |     4 |       |     1 ||     5
Evoke: Wand              |       |       |       |    18 ||    18
  Use: Potion            |       |       |       |     3 ||     3
 Stab: Sleeping          |       |     2 |     7 |     6 ||    15
       Distracted        |       |       |     1 |     1 ||     2
       Held in net/web   |       |       |       |     2 ||     2
  Eat: Chunk             |       |     6 |    10 |    17 ||    33
       Ration            |       |       |     1 |     3 ||     4
Armor: Leather armour    |    22 |    67 |   149 |   219 ||   457
Dodge: Dodged            |    48 |    81 |   166 |   384 ||   679
